 Dungeon Crawl Stone Soup version 0.25-a0-577-ga4619f4 (webtiles) character file.

Game seed: 7180168150181675163, levelgen mode: deterministic

7 15 the Caller (level 1, -2/10 HPs)
             Began as a Deep Elf Summoner on Mar 2, 2020.
             Killed from afar by a dart slug (5 damage)
             ... with a slug dart
             ... on level 1 of the Dungeon.
             The game lasted 00:02:29 (458 turns).

15 the Caller (Deep Elf Summoner)                    Turns: 458, Time: 00:02:30

Health: -2/10      AC:  2    Str:  5    XL:     1   Next: 91%
Magic:  6/6        EV: 13    Int: 19    God:
Gold:   53         SH:  0    Dex: 15    Spells: 5/6 levels left

rFire    . . .     SeeInvis .   f - +0 short sword
rCold    . . .     Gourm    .   (no shield)
rNeg     . . .     Faith    .   a - +0 robe
rPois    .         Spirit   .   (no helmet)
rElec    .         Reflect  .   (no cloak)
rCorr    .         Harm     .   (no gloves)
MR       .....                  (no boots)
Stlth    ++........             (no amulet)
HPRegen  0.03/turn              (no ring)
MPRegen  0.10/turn              (no ring)

@: no status effects
A: no striking features
a: no special abilities


You were on level 1 of the Dungeon.
You were not hungry.

You visited 1 branch of the dungeon, and saw 1 of its levels.

You collected 53 gold pieces.

Inventory:

Hand Weapons
 f - a +0 short sword (weapon)
Armour
 a - a +0 robe (worn)
Potions
 d - a potion of haste {unknown}
 e - a potion of degeneration {unknown}
 g - a potion of mutation {unknown}
Comestibles
 b - 5 chunks of flesh
 c - 2 rations


   Skills:
 * Level 2.5 Dodging
 * Level 2.5 Stealth
 * Level 3.2 Spellcasting
 * Level 4.6 Summonings


You had 5 spell levels left.
You knew the following spells:

 Your Spells              Type           Power        Failure   Level  Hunger
a - Summon Small Mammal   Summ           ###.         2%          1    None

Your spell library contained the following spells:

 Spells                   Type           Power        Failure   Level  Hunger
 Call Imp                 Summ           ###.....     3%          2    ##.....
 Call Canine Familiar     Summ           ###.....     6%          3    ###....
 Summon Guardian Golem    Hex/Summ       ##......     17%         3    ###....
 Summon Ice Beast         Ice/Summ       ##......     50%         4    ####...
 Summon Lightning Spire   Summ/Air       ##......     50%         4    ####...


Dungeon Overview and Level Annotations

Branches:
Dungeon (1/15)

Altars:


Message History

Found an escape hatch in the floor.
No target in view!
The dart slug is too close now for your liking.
Some of the chunks of flesh in your inventory have rotted away.
You hit the dart slug.
The dart slug is lightly wounded.
You hit the dart slug.
The dart slug is heavily wounded.
The dart slug bites you.
You hit the dart slug.
The dart slug is severely wounded.
The dart slug launches a dart at you. The slug dart hits you.
* * * LOW HITPOINT WARNING * * *
You completely miss the dart slug.
The dart slug is severely wounded.
The dart slug launches a dart at you. The slug dart hits you.
Ouch! That really hurt!
You die...

#####.####.#........
#.####.#.#.##.##
#..#...#...# .#
##>#.###..## #
#...#...####
###.......##..
#....##..###.# .
#........###.#### ...
####..###.....@w.##.....
#.......#####.##........
#....##..# #..#####....>
########.###.## ....
#.##..# ... #....## ..
###.## # #.# ###


You could see a dart slug.

Vanquished Creatures
  A giant cockroach (D:1)
1 creature vanquished.

Vanquished Creatures (collateral kills)
  A leopard gecko (D:1)
  2 hobgoblins (D:1)
  A kobold (D:1)
  4 rats (D:1)
8 creatures vanquished.

Grand Total: 9 creatures vanquished

Notes
Turn   | Place    | Note
-------+----------+-------------------------------------------
     0 | D:1      | 15 the Deep Elf Summoner began the quest for the Orb.
     0 | D:1      | Reached XP level 1. HP: 10/10 MP: 6/6
   458 | D:1      | Killed from afar by a dart slug

Levels and vault maps discovered:
D:1:      lightli_arrival_lavapool, layout_rooms

Action                   || total
-------------------------++-------
Melee: Short sword       ||     5
       Unarmed           ||     3
 Cast: Summon Small Mamm ||    21
 Stab: Sleeping          ||     1
Dodge: Dodged            ||     8

Table legend:
 A = Non-vault XP
 B = Vault XP
 C = Vault XP percentage of total XP
 D = Non-vault monster count
 E = Vault monster count
 F = Vault count percentage of total count
                 A         B        C        D         E       F
            +---------+---------+-------+---------+---------+-------
      Total |      11 |       0 |   0.0 |       9 |       0 |   0.0
            +---------+---------+-------+---------+---------+-------
        D:1 |      11 |       0 |   0.0 |       9 |       0 |   0.0
            +---------+---------+-------+---------+---------+-------
